 Dungeon Crawl Stone Soup version 0.21.1-1-g345015f (webtiles) character file.

412983 shakethe the Peltast (level 23, -10/146 HPs)
             Began as a Gargoyle Fighter on Feb 22, 2018.
             Was the Champion of Okawaru.
             Killed from afar by a thorn hunter (57 damage)
             ... with a volley of thorns
             ... on level 3 of the Abyss.
             The game lasted 02:26:04 (48898 turns).

shakethe the Peltast (Gargoyle Fighter)            Turns: 48898, Time: 02:26:05

Health: -10/146    AC: 57    Str: 26      XL:     23   Next: 54%
Magic:  15/26      EV: 22    Int: 21 (22) God:    Okawaru [******]
Gold:   4030       SH:  0    Dex: 16      Spells: 7/29 levels left

rFire    + . .     SeeInvis .   b - +7 lajatang of Order {silver, rMut}
rCold    + + +     Gourm    .   (shield currently unavailable)
rNeg     + + .     Faith    .   S - +9 plate armour of Menuqoz {rF+ rC+}
rPois    ∞         Spirit   .   u - +0 hat "Loinah" {MR+}
rElec    +         Reflect  .   h - +2 cloak {MR+}
rCorr    .         Harm     +   s - +2 pair of gloves {Str+3}
rMut     +                      i - +2 pair of boots
MR       +++..                  d - amulet of Impotosh {Harm *Drain rF+ rC+ Int+3 Dex+3}
Stlth    ..........             L - ring of Impatience {Ice rN+ Str+3 Dex+4}
HPRegen  0.34/turn              N - +3 ring of evasion
MPRegen  0.20/turn

@: heroism, finesse, flying, studying 2 skills
A: big wings, talons 2, low mp 1, negative energy resistance 1, screaming 1,
electricity resistance, unbreathing, petrification resistance, rot immunity, AC
+17
}: 2/15 runes: decaying, gossamer
a: Stop Flying, Heroism, Finesse, Renounce Religion


You were on level 3 of the Abyss.
You worshipped Okawaru.
Okawaru was exalted by your worship.
You were not hungry.

You visited 8 branches of the dungeon, and saw 40 of its levels.
You visited the Abyss 1 time.
You also visited: Sewer.

You collected 5270 gold pieces.
You spent 1240 gold pieces at shops.

Inventory:

Hand Weapons
 a - a +9 vampiric eveningstar {!w}
   (Okawaru gifted it to you on level 12 of the Dungeon)
 b - the +7 lajatang of Order (weapon) {silver, rMut}
   (You took it off a deep elf annihilator on level 3 of the Elven Halls)

   It protects you from mutation.
Armour
 h - a +2 cloak of magic resistance (worn)
   (Okawaru gifted it to you on level 6 of the Lair of Beasts)
 i - a +2 pair of boots (worn)
   (You found it on level 1 of the Vaults)
 l - a scarf of repulsion
   (Okawaru gifted it to you on level 1 of the Abyss)
 s - a +2 pair of gloves of strength (worn)
   (You took it off Nikola on level 2 of the Spider Nest)
 u - the +0 hat "Loinah" (worn) {MR+}
   (You bought it in a shop on level 1 of the Elven Halls)

   It affects your resistance to hostile enchantments.
 I - the +3 shield of Pride {Int+5 Dex-5}
   (You bought it in a shop on level 2 of the Orcish Mines)

   It affects your intelligence (+5).
   It affects your dexterity (-5).
 P - the +5 shield of Filenup {rF- rC++ Regen+ rCorr, unknown}
   (You found it on level 1 of the Abyss)

   It makes you vulnerable to fire.
   It greatly protects you from cold.
   It increases your rate of regeneration.
   It protects you from acid and corrosion.
 S - the +9 plate armour of Menuqoz (worn) {rF+ rC+}
   (Okawaru gifted it to you on level 2 of the Lair of Beasts)

   It protects you from fire.
   It protects you from cold.
Jewellery
 d - the amulet of Impotosh (around neck) {Harm *Drain rF+ rC+ Int+3 Dex+3}
   (You took it off a centaur on level 11 of the Dungeon)

   [amulet of harm]

   It increases damage dealt and taken.
   It affects your intelligence (+3).
   It affects your dexterity (+3).
   It protects you from fire.
   It protects you from cold.
   It causes draining when unequipped.
 K - an uncursed ring of see invisible {sInv, !d}
   (You found it on level 12 of the Dungeon)
 L - the ring of Impatience (left hand) {Ice rN+ Str+3 Dex+4}
   (You found it on level 2 of the Lair of Beasts)

   [ring of ice]

   It enhances your ice magic.
   It affects your strength (+3).
   It affects your dexterity (+4).
   It makes you vulnerable to fire.
   It protects you from cold.
   It protects you from negative energy.
 N - a +3 ring of evasion (right hand)
   (You found it on level 7 of the Dungeon)
Wands
 t - a wand of digging (67)
   (You found it on level 3 of the Dungeon)
 O - a wand of polymorph (76)
   (You found it on level 8 of the Dungeon)
 U - a wand of paralysis (50)
   (You bought it in a shop on level 9 of the Dungeon)
Scrolls
 c - 3 scrolls of enchant weapon
 g - a scroll of acquirement
 n - 13 scrolls of remove curse
 o - 11 scrolls of teleportation
 y - 9 scrolls of fear
 z - a scroll of identify
 D - a scroll of silence
 E - 4 scrolls of blinking {!r}
 F - 11 scrolls of amnesia
 G - 4 scrolls of enchant armour
 R - 3 scrolls of brand weapon
 T - 5 scrolls of magic mapping {!r}
 V - 4 scrolls of fog
 X - a scroll of summoning
 Y - a scroll of holy word {!r}
Potions
 e - 12 potions of brilliance
 j - 6 potions of cancellation
 k - 5 potions of ambrosia
 m - 3 potions of mutation {!q}
 q - 4 potions of magic
 r - 2 potions of invisibility
 v - 5 potions of agility
 x - a potion of berserk rage {!q}
 A - 5 potions of might
 B - 4 potions of heal wounds
 J - 17 potions of curing
 M - 3 potions of resistance
 Q - 2 potions of haste
Books
 p - a manual of Air Magic {!d}
   (You found it on level 1 of the Depths)
 C - a manual of Shields {!d}
   (You found it on level 4 of the Vaults)
Miscellaneous
 w - a box of beasts
 H - a phantom mirror
 W - a lightning rod (4/4)
   (You found it on level 10 of the Dungeon)
 Z - a phial of floods
   (You found it on level 3 of the Elven Halls)
Comestibles
 f - 52 rations


   Skills:
 - Level 15.7(20.7) Fighting
 - Level 16.0(21.8) Maces & Flails
 - Level 9.9(19.0) Staves
 - Level 15.6(20.6) Armour
 - Level 12.3(17.3) Dodging
 + Level 17.1(22.1) Shields
 - Level 3.8 Spellcasting
 + Level 11.2 Charms
 - Level 5.3 Summonings
 - Level 3.3 Necromancy
 + Level 12.1 Translocations
 + Level 10.8 Air Magic
 - Level 4.7 Earth Magic
 - Level 9.0 Invocations
 - Level 3.0 Evocations


You had 7 spell levels left.
You knew the following spells:

 Your Spells              Type           Power        Failure   Level  Hunger
a - Lesser Beckoning      Tloc           ######....   1%          3    ###....
b - Blink                 Tloc           N/A          1%          2    #......
c - Borgnjor's Vile Clut  Necr/Erth      ###.......   96%         5    ######.
d - Deflect Missiles      Chrm/Air       ######....   67%         6    #######
e - Summon Lightning Spi  Summ/Air       #####...     21%         4    ####...
s - Shroud of Golubria    Chrm/Tloc      ######....   1%          2    #......


Dungeon Overview and Level Annotations

Branches:
Dungeon (15/15)            Temple (0/1) D:5            Lair (6/6) D:9
  Swamp (4/4) Lair:2       Spider (4/4) Lair:3        Slime (0/5) Lair:6
    Orc (2/2) D:11            Elf (3/3) Orc:2        Vaults (4/5) D:13
  Crypt (0/3) Vaults:3     Depths (2/5) D:15

Altars:
Cheibriados
Dithmenos
Elyvilon
Fedhas
Hepliaklqana
Makhleb
Okawaru
Ru
Uskayaw
Vehumet
Wu Jian
Yredelemnul
Zin
The Shining One
Beogh
Jiyva

Shops:
D:8 *   D:9 **   D:11 (   Orc:2 ([(=%   Elf:1 (=}[}   Elf:2 ?*}:   Vaults:1 ?*:

Portals:
Hell: Depths:1
Abyss: Depths:2
Ziggurat: Depths:1

Annotations:
D:8 troglodite's ghost, novice DsBe


Innate Abilities, Weirdness & Mutations

You are resistant to torment.
Your stone body is resilient. (AC +17)
You are immune to poison.
Your large and strong wings let you fly indefinitely.
You resist negative energy. (rN+)
You are resistant to electric shocks. (rElec)
You can survive without breathing.
You are immune to petrification.
You are immune to rotting.
You have razor-sharp toenails.
Your magical capacity is low. (-10% MP)
You occasionally shout uncontrollably at your foes.


Message History

You slice the tengu reaver!! You hit the tengu reaver.
The chaos spawn closely misses you. The water elemental hits you.
The water elemental engulfs you in water!
The shambling mangrove hits you but does no damage.
The tengu reaver hits you with a battleaxe of freezing!
The tengu reaver completely misses you. The tengu reaver misses you.
A worldbinder comes into view.
You take 9 damage, and have 57/146 hp.
You can now deal lightning-fast blows.
The worldbinder calls forth creatures from the Spider Nest!
The chaos spawn hits you but does no damage.
The water elemental closely misses you.
The shambling mangrove completely misses you.
You now have 19/26 mp.
You miss the tengu reaver.
The tengu reaver hits you with a battleaxe of freezing.
The tengu reaver closely misses you.
The tengu reaver claws you but does no damage.
The chaos spawn hits you but does no damage.
You take 5 damage, and have 52/146 hp.
You hit the tengu reaver. The water elemental hits you.
You closely miss the tengu reaver.
The shambling mangrove closely misses you.
You hit the tengu reaver. The chaos spawn misses you.
The thorn hunter completely misses you.
The thorn hunter hits you but does no damage.
The tengu reaver barely misses you. The tengu reaver closely misses you.
The tengu reaver claws you but does no damage.
The jumping spider hisses angrily.
You slice the tengu reaver!!
You kill the tengu reaver!
Okawaru accepts your kill.
The battlesphere dissipates.
The water elemental closely misses you.
You slash the shambling mangrove!
The thorn hunter hits you but does no damage. x2
You hit the shambling mangrove but do no damage.
The chaos spawn gores you.
You feel your power leaking away.
The shambling mangrove hits you but does no damage.
The water elemental misses you.
You take 7 damage, and have 45/146 hp.
You now have 14/26 mp.
You slice the shambling mangrove!!
You carve the shambling mangrove like a ham!!!
You destroy the shambling mangrove!
Okawaru accepts your kill.
Angry insects surge out from beneath the shambling mangrove's foliage!
The grasping roots settle back into the ground.
You fly up into the air.
The thorn hunter closely misses you. The thorn hunter completely misses you.
You slash the hornet!
The chaos spawn hits you but does no damage.
The water elemental misses you.
You hit the hornet but do no damage.
The thorn hunter gestures.
Thorny briars emerge from the ground!
The hornet barely misses you.
You slice the hornet!!
You kill the hornet!
Okawaru accepts your kill.
The jumping spider leaps!
The chaos spawn gores you but does no damage.
You slice the worldbinder!!
The hornet stings you but does no damage.
The worldbinder barely misses you. x2; The water elemental misses you.
The rakshasa weaves an illusion.
The chaos spawn shimmers and seems to become two!
You hit the worldbinder but do no damage.
The briar patch crumbles away. x2; The thorn hunter barely misses you.
The thorn hunter closely misses you.
The jumping spider leaps!
You slice the worldbinder!!
You destroy the worldbinder!
Okawaru accepts your kill.
The jumping spider disappears in a puff of smoke! x2
You slice the chaos spawn!!
The silver sears the chaos spawn!
You kill the chaos spawn!
Okawaru accepts your kill.
The chaos spawn degenerates into a cloud of primal chaos!
The hornet stings you but does no damage.
The chaos spawn completely misses you. The water elemental hits you.
The thorn hunter gestures.
Thorny briars emerge from the ground!
You closely miss the chaos spawn. You hit the water elemental.
The chaos spawn misses you.
You slice the water elemental!!
You destroy the water elemental!
Okawaru accepts your kill. The water engulfing you falls away.
The hornet stings you but does no damage.
The thorn hunter gestures.
You slice the thorn hunter!!
The briar patch crumbles away.
You slash the thorn hunter! The hornet closely misses you.
The hornet misses you. The chaos spawn misses you.
The thorn hunter completely misses you. The thorn hunter misses you.
You barely miss the thorn hunter.
The hornet stings you but does no damage.
You barely miss the thorn hunter.
The briar patch crumbles away.
The hornet closely misses you.
The thorn hunter fires a volley of thorns at you.
The volley of thorns hits you!
You die...

. #..P . ..P ##.
#.. #.. ..#.## .
#..# .. P...
#.#.#...#....
..##..f.#..P...
.....∩.@4..P#
%...≈♣yy...PPP..
.≈≈ ♣♣≈≈≈.PPP#.
♣ R♣♣.♣P##. ♣ ♣≈
PP # ♣R PP ## .
♣P# .. ..


You could see a thorn hunter, a rakshasa, 2 hornets and a chaos spawn.

Vanquished Creatures
  Saint Roka (Orc:2)
  Frederick (Vaults:4)
  Nikola (Spider:2)
  Rupert (D:12)
  3 deep elf master archers (Elf:3)
  Asterion (Elf:1)
  2 deep elf blademasters (Elf:3)
  4 tentacled starspawn (Abyss:2)
  3 acid blobs (Lair:6)
  Frances (Elf:1)
  3 tengu reavers
  The ghost of buskinjo the Fencer, an adept DrGl of Wu Jian (Swamp:4)
  2 sphinxes
  A revenant (Vaults:3)
  Donald (Spider:1)
  5 fire giants
  5 deep elf sorcerers
  12 vault wardens
  3 frost giants
  5 ghost moths
  Louise (Swamp:2)
  9 emperor scorpions
  14 ironheart preservers
  A draconian shifter (Abyss:2)
  A ghoul (Vaults:3)
  3 deep elf elementalists (Elf:3)
  5 entropy weavers
  4 very ugly things
  12 stone giants
  Nessos (D:13)
  11 starcursed masses (Abyss:2)
  An entropy weaver (shapeshifter) (Vaults:4)
  7 deep elf demonologists
  A lorocyproca (Abyss:1)
  A vampire knight (Depths:2)
  12 deep elf annihilators (Elf:3)
  A yellow draconian (Abyss:2)
  A spark wasp (Depths:1)
  6 ettins
  The ghost of EvilAshe the Thaumaturge, a journeyman DEWz of Fedhas (Lair:4)
  A blizzard demon (Abyss:2)
  8 yaktaur captains
  2 deep elf high priests (Elf:3)
  6 fire dragons
  Josephine (Spider:1)
  The ghost of ximkin the Grappler, a journeyman TrMo of Wu Jian (Lair:3)
  2 deep elf death magi
  A great orb of eyes (Abyss:2)
  Harold (Lair:3)
  6 vault guards
  A hydra (shapeshifter) (Vaults:2)
  24 hydras
  7 ice dragons
  4 rakshasas
  Erolcha (D:11)
  2 catoblepae
  3 death knights
  10 centaur warriors
  23 two-headed ogres
  5 alligators
  8 ogre magi
  A queen ant (Spider:1)
  3 vampire magi
  8 tengu warriors
  3 deep troll shamans
  24 dancing weapons
  A deep troll earth mage (Vaults:3)
  6 thrashing horrors (Abyss:2)
  3 orc high priests
  Urug (D:12)
  2 spriggan berserkers
  22 deep elf knights
  A soul eater (Abyss:2)
  Sonja (D:14)
  2 shadow wraiths
  8 skeletal warriors
  2 spatial maelstroms (Abyss:2)
  A sixfirhy (Abyss:2)
  2 wretched stars (Abyss:2)
  4 wizards
  2 unseen horrors (shapeshifter)
  3 unseen horrors
  5 deep trolls
  11 swamp dragons
  11 deep elf archers
  5 glowing orange brains
  8 shambling mangroves
  A wolf spider zombie (D:12)
  2 flayed ghosts
  7 ironbrand convokers
  3 spriggan druids
  Pikel (D:4)
  A harpy (Vaults:1)
  21 orb spiders
  46 deep elf magi
  2 phantasmal warriors
  6 oklob plants
  5 orc knights
  2 orc sorcerers
  6 cyclopes
  34 wolf spiders
  A shining eye (Abyss:1)
  42 ugly things
  3 worldbinders (Abyss:3)
  A salamander (shapeshifter) (Vaults:4)
  3 manticores
  4 moths of wrath
  The ghost of dracos369 the Thaumaturge, a novice OpIE of Gozag (D:6)
  A water nymph (shapeshifter) (Depths:2)
  5 smoke demons (Abyss:2)
  A guardian serpent (Lair:6)
  A black mamba (shapeshifter) (D:13)
  9 black mambas
  5 orange demons (Elf:3)
  12 vault sentinels
  5 gargoyles
  4 centaur skeletons
  A torpor snail (shapeshifter) (Elf:1)
  A torpor snail (Spider:1)
  A rime drake (Lair:6)
  27 spiny frogs
  A spiny frog (shapeshifter) (D:13)
  2 kobold demonologists
  29 yaktaurs
  16 demonic crawlers
  9 komodo dragons
  7 freezing wraiths
  2 efreet
  4 ancient zymes (Abyss:2)
  9 large abominations
  16 trolls
  A meliai (shapeshifter) (Elf:3)
  A red devil (Abyss:2)
  A jumping spider (shapeshifter) (Depths:1)
  32 jumping spiders
  A hornet (shapeshifter) (D:15)
  A troll (shapeshifter) (Vaults:1)
  3 tyrant leeches
  9 polar bears (Lair:6)
  27 hornets
  Prince Ribbit (D:5)
  36 slime creatures
  7 raiju
  12 blink frogs
  4 dream sheep (Lair:6)
  8 hippogriffs
  Grinder (D:5)
  A meliai zombie (D:14)
  A frost giant simulacrum (Vaults:2)
  13 bog bodies
  A shadow (Swamp:1)
  An ice dragon skeleton (Abyss:2)
  A stone giant simulacrum (Abyss:2)
  A flying skull (Vaults:3)
  33 tarantellas
  66 redbacks
  13 small abominations
  16 spriggans
  14 wyverns
  8 water elementals
  2 vampires
  3 air elementals
  Sigmund (D:4)
  A basilisk (shapeshifter) (Vaults:1)
  7 wraiths
  2 ynoxinuls (Abyss:2)
  16 humans
  32 yaks
  4 chaos spawn
  A yak (shapeshifter) (Vaults:4)
  5 basilisks
  A fire bat (Abyss:2)
  A fire bat (shapeshifter) (Vaults:2)
  A steam dragon (D:11)
  A steam dragon (shapeshifter) (Vaults:2)
  23 vampire mosquitoes
  A hungry ghost (D:15)
  3 neqoxecs (Abyss:2)
  Menkaure (D:6)
  A spatial vortex (Abyss:2)
  13 wargs
  7 insubstantial wisps
  4 soldier ants
  Edmund (D:6)
  2 acid dragons
  18 swamp worms
  28 water moccasins
  13 hell hounds (Lair:6)
  A soldier ant (shapeshifter) (Vaults:4)
  8 porcupines
  12 black bears
  34 orc warriors
  16 swamp drakes
  Purgy (Sewer)
  7 sky beasts
  4 eyes of draining
  An eye of draining (shapeshifter) (Vaults:2)
  A necrophage (D:3)
  11 boggarts
  6 ice beasts
  An ettin simulacrum (Vaults:2)
  25 ogres
  A phantom (D:9)
  16 wolves
  24 centaurs
  7 crocodiles
  3 big kobolds
  17 bullfrogs
  A gnoll sergeant (D:7)
  5 earth elementals
  2 water moccasin skeletons
  12 scorpions
  56 killer bees
  6 wights
  2 electric eels
  5 howler monkeys
  7 crimson imps
  A quasit (D:8)
  3 centaur zombies
  6 bullfrog skeletons
  2 bullfrog zombies
  A gnoll shaman (Orc:1)
  2 iron imps (Abyss:2)
  6 hounds
  3 jellies
  14 orc priests
  Ijyb (D:5)
  5 iguanas
  34 orc wizards
  17 worker ants
  A hound skeleton (D:9)
  16 gnolls
  A howler monkey skeleton (D:7)
  4 adders
  3 river rats (D:4)
  A white imp (Abyss:1)
  An ufetubus (Abyss:2)
  3 worms
  9 leopard geckos
  113 orcs
  8 giant cockroaches
  6 goblins
  8 hobgoblins
  6 jackals
  7 quokkas
  5 ball pythons
  7 bats
  3 frilled lizards
  19 kobolds
  A leopard gecko skeleton (D:4)
  9 rats
  4 plants
  3 starspawn tentacles (Abyss:2)
1898 creatures vanquished.

Vanquished Creatures (others)
  A very ugly thing (Vaults:3)
  A vault sentinel (Vaults:4)
  A hornet (Spider:2)
  2 redbacks (Spider:2)
  3 tarantellas
  An acid dragon (Vaults:1)
  An orc warrior (Vaults:4)
  2 boggarts
  A centaur (D:15)
  A killer bee (D:11)
  A bullfrog skeleton (D:4)
  An orc wizard (Vaults:2)
  An adder (D:4)
  7 orcs
  A frilled lizard (D:4)
  9 fungi
  A lurking horror (Abyss:2)
  18 plants (Lair:6)
  10 starspawn tentacles (Abyss:2)
63 creatures vanquished.

Grand Total: 1961 creatures vanquished

Notes
Turn   | Place    | Note
-------+----------+-------------------------------------------
     0 | D:1      | shakethe the Gargoyle Fighter began the quest for the Orb.
     0 | D:1      | Reached XP level 1. HP: 14/14 MP: 1/1
   144 | D:1      | Reached XP level 2. HP: 19/19 MP: 2/2
   655 | D:2      | Found a glowing golden altar of the Shining One.
   686 | D:2      | Reached XP level 3. HP: 23/23 MP: 3/3
  1258 | D:2      | Reached skill level 1 in Dodging
  1274 | D:2      | Reached XP level 4. HP: 19/29 MP: 4/4
  1281 | D:2      | Learned a level 2 spell: Blink
  1524 | D:2      | Found a shadowy altar of Dithmenos.
  1737 | D:3      | Noticed a necrophage
  1787 | D:3      | Killed a necrophage
  1787 | D:3      | Reached skill level 4 in Fighting
  1787 | D:3      | Reached skill level 3 in Maces & Flails
  1787 | D:3      | Reached skill level 4 in Armour
  1787 | D:3      | Reached skill level 4 in Shields
  1787 | D:3      | Reached XP level 5. HP: 29/33 MP: 5/5
  1821 | D:3      | Found a radiant altar of Vehumet.
  2221 | D:4      | Noticed Sigmund
  2586 | D:4      | Killed Sigmund
  2586 | D:4      | Reached skill level 2 in Dodging
  2586 | D:4      | Reached XP level 6. HP: 36/39 MP: 6/6
  2649 | D:4      | Found an iron altar of Okawaru.
  2690 | D:4      | Became a worshipper of Warmaster Okawaru
  2791 | D:4      | Found a glowing drain.
  2796 | D:4      | HP: 8/39 [river rat (4)]
  2803 | D:4      | HP: 5/39 [river rat (4)]
  2809 | D:4      | HP: 3/39 [river rat (3)]
  2815 | Sewer    | Entered a sewer
  3166 | Sewer    | Noticed Purgy
  3204 | Sewer    | Killed Purgy
  3204 | Sewer    | Reached XP level 7. HP: 25/44 MP: 7/7
  3446 | D:4      | Noticed Pikel
  3499 | D:4      | Killed Pikel
  3499 | D:4      | Reached * piety under Okawaru
  3499 | D:4      | Reached skill level 5 in Fighting
  3499 | D:4      | Reached skill level 4 in Maces & Flails
  3499 | D:4      | Reached skill level 5 in Armour
  3499 | D:4      | Reached skill level 3 in Dodging
  3499 | D:4      | Reached skill level 5 in Shields
  3499 | D:4      | Reached skill level 1 in Translocations
  3499 | D:4      | Reached XP level 8. HP: 32/50 MP: 8/8
  3818 | D:4      | Found a blossoming altar of Fedhas.
  3821 | D:4      | Reached skill level 2 in Translocations
  4052 | D:5      | Entered Level 5 of the Dungeon
  4204 | D:5      | Noticed Ijyb
  4206 | D:5      | Paralysed by Ijyb for 5 turns
  4220 | D:5      | Paralysed by Ijyb for 5 turns
  4251 | D:5      | Killed Ijyb
  4593 | D:5      | Found a staircase to the Ecumenical Temple.
  4626 | D:5      | Reached skill level 6 in Fighting
  4626 | D:5      | Reached skill level 6 in Shields
  4633 | D:5      | Reached ** piety under Okawaru
  4704 | D:5      | Noticed Grinder
  4723 | D:5      | Paralysed by Grinder for 3 turns
  4747 | D:5      | Paralysed by Grinder for 6 turns
  4756 | D:5      | Killed Grinder
  4756 | D:5      | Reached skill level 5 in Maces & Flails
  4756 | D:5      | Reached skill level 6 in Armour
  4756 | D:5      | Reached XP level 9. HP: 36/55 MP: 9/9
  4778 | D:5      | Noticed Prince Ribbit
  5058 | D:5      | Reached skill level 3 in Translocations
  5172 | D:5      | Killed Prince Ribbit
  5285 | D:6      | Noticed a two-headed ogre
  5296 | D:6      | HP: 14/56 [two-headed ogre/giant club (15)]
  5435 | D:6      | Noticed Edmund
  5457 | D:6      | Killed Edmund
  5457 | D:6      | Reached skill level 4 in Dodging
  5666 | D:6      | HP: 4/56 [two-headed ogre/giant club (18)]
  5680 | D:5      | HP: 9/56 [two-headed ogre/giant club (4)]
  5844 | D:5      | Killed a two-headed ogre
  5844 | D:5      | Reached *** piety under Okawaru
  5844 | D:5      | Reached skill level 1 in Invocations
  5907 | D:6      | Reached skill level 2 in Invocations
  6155 | D:6      | Noticed dracos369's ghost (novice OpIE)
  6216 | D:6      | Killed dracos369's ghost
  6216 | D:6      | Reached **** piety under Okawaru
  6216 | D:6      | Reached skill level 7 in Fighting
  6216 | D:6      | Reached skill level 6 in Maces & Flails
  6216 | D:6      | Reached skill level 7 in Armour
  6216 | D:6      | Reached skill level 7 in Shields
  6216 | D:6      | Reached skill level 4 in Translocations
  6216 | D:6      | Reached XP level 10. HP: 25/63 MP: 11/11
  6380 | D:6      | Found a burning altar of Makhleb.
  6415 | D:6      | Noticed Menkaure
  6495 | D:6      | Killed Menkaure
  6573 | D:6      | Reached skill level 3 in Invocations
  7429 | D:7      | HP: 13/63 [killer bee (7)]
  7958 | D:7      | Found a hide-covered altar of Uskayaw.
  7987 | D:7      | Reached skill level 5 in Dodging
  8455 | D:8      | Reached skill level 4 in Invocations
  8473 | D:8      | Found a glowing silver altar of Zin.
  8473 | D:8      | Found an iron altar of Okawaru.
  8474 | D:8      | Found an ornate altar of the Wu Jian Council.
  8474 | D:8      | Found a snail-covered altar of Cheibriados.
  8474 | D:8      | Found a sacrificial altar of Ru.
  8528 | D:8      | Reached ***** piety under Okawaru
  8573 | D:8      | Found Vaghir's General Store.
  8764 | D:8      | Noticed troglodite's ghost (novice DsBe)
  9139 | D:8      | Found a white marble altar of Elyvilon.
  9450 | D:9      | Reached skill level 5 in Translocations
  9643 | D:9      | Reached skill level 8 in Fighting
  9643 | D:9      | Reached XP level 11. HP: 60/68 MP: 14/14
  9713 | D:9      | Reached skill level 7 in Maces & Flails
  9713 | D:9      | Reached skill level 8 in Armour
  9713 | D:9      | Reached skill level 8 in Shields
  9961 | D:9      | Found Hacs's Assorted Antiques.
 10102 | D:9      | Bought a wand of paralysis (11) for 44 gold pieces
 10102 | D:9      | Bought a wand of paralysis (4) for 44 gold pieces
 10293 | D:9      | Found Riet Nulil's Serpentskin Sales.
 10345 | D:9      | Found a staircase to the Lair.
 10413 | D:10     | Entered Level 10 of the Dungeon
 10804 | D:10     | Reached skill level 5 in Invocations
 11001 | D:10     | Killed an unseen horror
 11001 | D:10     | Reached skill level 1 in Evocations
 11455 | D:11     | Received a gift from Okawaru
 11753 | D:11     | Reached skill level 2 in Evocations
 11861 | D:11     | Noticed an eight-headed hydra
 11879 | D:11     | HP: 17/69 [eight-headed hydra (7)]
 11881 | D:11     | Killed an eight-headed hydra
 11881 | D:11     | Reached skill level 6 in Dodging
 12074 | D:11     | Found a staircase to the Orcish Mines.
 12084 | D:11     | Found Daimoiq's Weapon Emporium.
 12348 | D:11     | Noticed Erolcha
 12360 | D:11     | Killed Erolcha
 12360 | D:11     | Reached skill level 9 in Fighting
 12360 | D:11     | Reached skill level 6 in Translocations
 12360 | D:11     | Reached skill level 6 in Invocations
 12360 | D:11     | Reached XP level 12. HP: 61/76 MP: 14/16
 12537 | D:11     | Reached skill level 9 in Armour
 12545 | D:11     | Reached skill level 9 in Shields
 12557 | D:11     | Reached skill level 8 in Maces & Flails
 12567 | D:11     | Reached skill level 3 in Evocations
 12604 | D:11     | Got a shimmering ruby amulet
 12662 | D:12     | Noticed a two-headed ogre
 12672 | D:12     | Killed a two-headed ogre
 12834 | D:12     | Reached ****** piety under Okawaru
 12856 | D:12     | Identified the amulet of Impotosh {Harm *Drain rF+ rC+ Int+3 Dex+3} (You took it off a centaur on level 11 of the Dungeon)
 12872 | D:12     | Noticed a two-headed ogre
 12891 | D:12     | Killed a two-headed ogre
 13027 | D:12     | Received a gift from Okawaru
 13074 | D:12     | Reached skill level 7 in Invocations
 13272 | D:12     | Noticed Rupert
 13282 | D:12     | Paralysed by Rupert for 7 turns
 13303 | D:12     | Killed Rupert
 13303 | D:12     | Reached skill level 9 in Maces & Flails
 13303 | D:12     | Reached skill level 7 in Dodging
 13303 | D:12     | Reached XP level 13. HP: 56/82 MP: 11/18
 13311 | D:12     | Reached skill level 10 in Fighting
 13430 | D:12     | Got a blackened ring mail
 13441 | D:12     | Identified the +3 ring mail of the Learner {Dex+6} (You found it on level 12 of the Dungeon)
 13557 | D:13     | Reached skill level 10 in Shields
 13625 | D:13     | Received a gift from Okawaru
 13625 | D:13     | Reached skill level 10 in Armour
 13815 | D:13     | Reached skill level 8 in Invocations
 13879 | D:13     | Reached skill level 10 in Maces & Flails
 14047 | D:9      | Bought a scroll of enchant weapon for 165 gold pieces
 14133 | Lair:1   | Entered Level 1 of the Lair of Beasts
 14203 | Lair:1   | Received a gift from Okawaru
 15360 | D:13     | Found a gate to the Vaults.
 15360 | D:13     | Noticed Urug
 15371 | D:12     | Killed Urug
 15584 | D:13     | Gained mutation: Your large and strong wings let you fly indefinitely. [Gargoyle growth]
 15584 | D:13     | Reached XP level 14. HP: 86/88 MP: 17/20
 15659 | D:13     | Received a gift from Okawaru
 15792 | D:13     | Noticed Nessos
 15812 | D:13     | Killed Nessos
 15891 | D:13     | Reached skill level 8 in Dodging
 15903 | D:13     | Reached skill level 11 in Fighting
 16183 | D:13     | Reached skill level 11 in Maces & Flails
 16535 | Lair:2   | Reached skill level 9 in Invocations
 16541 | Lair:2   | Received a gift from Okawaru
 16690 | Lair:2   | Reached skill level 11 in Shields
 16777 | Lair:2   | Reached skill level 11 in Armour
 16888 | Lair:2   | Found a staircase to the Swamp.
 17343 | Lair:2   | Received a gift from Okawaru
 17346 | Lair:2   | Got an ichor-stained plate armour {god gift}
 17357 | Lair:2   | Identified the +9 plate armour of Menuqoz {rF+ rC+} (Okawaru gifted it to you on level 2 of the Lair of Beasts)
 17365 | Lair:2   | Identified the Papyrus of Air and Curses
 17509 | Lair:2   | Got a shimmering ivory ring
 17771 | Lair:3   | Noticed ximkin's ghost (journeyman TrMo)
 17790 | Lair:3   | Killed ximkin's ghost
 17799 | Lair:3   | Found a hole to the Spider Nest.
 18015 | Lair:3   | Found a basalt altar of Yredelemnul.
 18145 | Lair:3   | Noticed Harold
 18167 | Lair:3   | Killed Harold
 18675 | Lair:4   | Noticed EvilAshe's ghost (journeyman DEWz)
 18701 | Lair:4   | Killed EvilAshe's ghost
 19714 | Lair:5   | Reached skill level 12 in Maces & Flails
 20232 | Lair:5   | Identified the ring of Impatience {Ice rN+ Str+3 Dex+4} (You found it on level 2 of the Lair of Beasts)
 20648 | Lair:6   | Entered Level 6 of the Lair of Beasts
 20675 | Lair:6   | Reached XP level 15. HP: 96/96 MP: 17/21
 20697 | Lair:6   | Found a runed door.
 20699 | Lair:6   | Found a viscous altar of Jiyva.
 20701 | Lair:6   | Found a staircase to the Slime Pits.
 20701 | Lair:6   | Noticed an acid blob
 20701 | Lair:6   | Noticed an acid blob
 20702 | Lair:6   | Noticed an acid blob
 20710 | Lair:6   | Killed an acid blob
 20710 | Lair:6   | Received a gift from Okawaru
 20715 | Lair:6   | Killed an acid blob
 20735 | Lair:6   | HP: 24/96 [acid (12)]
 20736 | Lair:6   | HP: 8/96 [acid (11)]
 20745 | Lair:6   | HP: 19/96 [acid (9)]
 21057 | Lair:6   | Killed an acid blob
 21098 | Lair:6   | Reached skill level 12 in Fighting
 21101 | Lair:6   | Identified the +8 great mace "Pusy" {crush, MP+9} (Okawaru gifted it to you on level 6 of the Lair of Beasts)
 21123 | Lair:6   | Reached skill level 9 in Dodging
 21304 | Lair:6   | Received a gift from Okawaru
 21377 | Lair:6   | Reached skill level 12 in Armour
 21407 | Lair:6   | Reached skill level 12 in Shields
 21647 | Lair:6   | Reached skill level 13 in Maces & Flails
 21977 | Lair:6   | Identified the +8 eveningstar "Tuteff" {venom, MR+ Str+3 Int+4} (You found it on level 6 of the Lair of Beasts)
 22680 | D:14     | Received a gift from Okawaru
 22839 | D:14     | Reached XP level 16. HP: 67/103 MP: 22/22
 22844 | D:14     | Received a gift from Okawaru
 23284 | D:14     | Noticed Sonja
 23306 | D:14     | Killed Sonja
 23584 | D:15     | Entered Level 15 of the Dungeon
 23838 | D:15     | Found a staircase to the Depths.
 23881 | D:15     | Reached skill level 14 in Maces & Flails
 24502 | Orc:1    | Entered Level 1 of the Orcish Mines
 24548 | Orc:1    | Reached skill level 13 in Fighting
 24799 | Orc:2    | Entered Level 2 of the Orcish Mines
 24968 | Orc:2    | Found a staircase to the Elven Halls.
 24990 | Orc:2    | Found Mixim's Jewellery Emporium.
 25024 | Orc:2    | Found a roughly hewn altar of Beogh.
 25108 | Orc:2    | Noticed Saint Roka
 25108 | Orc:2    | Received a gift from Okawaru
 25142 | Orc:2    | HP: 26/104 [Saint Roka/divine providence (14)]
 25143 | Orc:2    | HP: 7/104 [Saint Roka/divine providence (20)]
 25161 | Orc:2    | HP: 14/104 [orc priest/divine providence (19)]
 25467 | Orc:2    | HP: 24/104 [Saint Roka/divine providence (12)]
 25483 | Orc:2    | Killed Saint Roka
 25483 | Orc:2    | Reached skill level 13 in Armour
 25483 | Orc:2    | Reached skill level 10 in Dodging
 25483 | Orc:2    | Reached skill level 13 in Shields
 25590 | Orc:2    | Found Areoz's Antique Armour Emporium.
 25591 | Orc:2    | Found a roughly hewn altar of Beogh.
 25592 | Orc:2    | Found Xicwor's Antique Weapon Shoppe.
 25616 | Orc:2    | Bought a shimmering shield for 228 gold pieces
 25616 | Orc:2    | Identified the +3 shield of Pride {Int+5 Dex-5} (You bought it in a shop on level 2 of the Orcish Mines)
 25706 | Orc:2    | Found a roughly hewn altar of Beogh.
 25788 | Orc:2    | Found a roughly hewn altar of Beogh.
 25847 | Orc:2    | Found a roughly hewn altar of Beogh.
 25848 | Orc:2    | Found Joeskob's Weapon Shop.
 25991 | Orc:2    | Found a roughly hewn altar of Beogh.
 26069 | Orc:2    | Found a roughly hewn altar of Beogh.
 26084 | Orc:2    | Found Qoihis's Food Shoppe.
 26534 | Swamp:1  | Entered Level 1 of the Swamp
 26788 | Swamp:1  | Received a gift from Okawaru
 26818 | Swamp:1  | Got a warped chain mail {god gift}
 27010 | Swamp:1  | You are sucked into a shaft!
 27066 | Swamp:2  | Reached XP level 17. HP: 109/109 MP: 23/23
 27309 | Swamp:2  | Reached skill level 15 in Maces & Flails
 27448 | Swamp:2  | Noticed Louise
 27488 | Swamp:2  | Killed Louise
 27841 | Swamp:3  | Found a basalt altar of Yredelemnul.
 28595 | Swamp:4  | Entered Level 4 of the Swamp
 28644 | Swamp:4  | Found a frozen archway.
 28715 | Swamp:4  | Noticed buskinjo's ghost (adept DrGl)
 28738 | Swamp:4  | Received a gift from Okawaru
 28808 | Swamp:4  | Killed buskinjo's ghost
 28817 | Swamp:4  | Got an encrusted hat {god gift}
 28828 | Swamp:4  | Identified the +0 hat of the Hills {Dex+4} (Okawaru gifted it to you on level 4 of the Swamp)
 28985 | Swamp:4  | Reached skill level 14 in Fighting
 29618 | Swamp:4  | Reached skill level 14 in Armour
 29618 | Swamp:4  | Reached skill level 14 in Shields
 29650 | Swamp:4  | Got a decaying rune of Zot
 30032 | Swamp:1  | Reached XP level 18. HP: 116/116 MP: 24/24
 30081 | Swamp:1  | Reached skill level 11 in Dodging
 30330 | D:9      | Identified the +6 chain mail of Boiling Hail {Str+2} (Okawaru gifted it to you on level 1 of the Swamp)
 30337 | D:9      | Learned a level 3 spell: Lesser Beckoning
 30340 | D:9      | Learned a level 2 spell: Shroud of Golubria
 30346 | D:9      | Learned a level 5 spell: Borgnjor's Vile Clutch
 30390 | Spider:1 | Entered Level 1 of the Spider Nest
 30411 | Spider:1 | Received a gift from Okawaru
 30438 | Spider:1 | Reached skill level 16 in Maces & Flails
 30574 | Spider:1 | Reached skill level 1 in Earth Magic
 30608 | Spider:1 | Reached skill level 1 in Spellcasting
 30743 | Spider:1 | Reached skill level 1 in Necromancy
 30770 | Spider:1 | Reached skill level 1 in Charms
 30794 | Spider:1 | Noticed Josephine
 30804 | Spider:1 | Killed Josephine
 31001 | Spider:1 | Reached skill level 2 in Earth Magic
 31210 | Spider:1 | Noticed Donald
 31218 | Spider:1 | Killed Donald
 31401 | Spider:2 | Noticed Nikola
 31439 | Spider:1 | Reached skill level 2 in Spellcasting
 31714 | Spider:2 | Killed Nikola
 31714 | Spider:2 | Reached skill level 2 in Charms
 31760 | Spider:2 | Reached skill level 2 in Necromancy
 31770 | Spider:2 | Received a gift from Okawaru
 31792 | Spider:2 | HP: 28/117 [disintegration (34)]
 31792 | Spider:2 | HP: 7/117 [wolf spider (7)]
 31813 | Spider:1 | Reached skill level 3 in Earth Magic
 33410 | Spider:3 | Reached skill level 3 in Spellcasting
 33442 | Spider:3 | Received a gift from Okawaru
 33442 | Spider:3 | Reached skill level 3 in Charms
 33445 | Spider:3 | Got an ancient ring mail {god gift}
 33700 | Spider:3 | Reached skill level 4 in Earth Magic
 33907 | Spider:4 | Entered Level 4 of the Spider Nest
 33933 | Spider:4 | Reached skill level 7 in Translocations
 34041 | Spider:4 | Learned a level 6 spell: Deflect Missiles
 34046 | Spider:4 | Learned a level 4 spell: Summon Lightning Spire
 34133 | Spider:4 | Reached skill level 3 in Necromancy
 34147 | Spider:4 | Reached XP level 19. HP: 122/122 MP: 0/25
 34253 | Spider:4 | Reached skill level 1 in Air Magic
 34298 | Spider:4 | Reached skill level 1 in Summonings
 34505 | Spider:4 | Got a heavily runed helmet
 34516 | Spider:4 | Identified the +1 helmet of the Sturgeon {rPois MR- Dex+7} (You found it on level 4 of the Spider Nest)
 34937 | Spider:4 | Received a gift from Okawaru
 34937 | Spider:4 | Reached skill level 2 in Summonings
 34948 | Spider:4 | Reached skill level 4 in Charms
 35015 | Spider:4 | Reached skill level 2 in Air Magic
 35052 | Spider:4 | Got a gossamer rune of Zot
 35227 | Lair:3   | You are sucked into a shaft for 3 floors!
 35502 | Elf:1    | Entered Level 1 of the Elven Halls
 35502 | Elf:1    | Found the +3 giant club "Skullcrusher" {speed, Str+7}
 35647 | Elf:1    | Noticed Asterion
 35689 | Elf:1    | Killed Asterion
 35689 | Elf:1    | Reached skill level 15 in Fighting
 35953 | Elf:1    | Found Deuxtorulu's Gadget Shop.
 36154 | Elf:1    | Found Gupakhex's Antique Armour Shop.
 36155 | Elf:1    | Found Homihed's Gadget Shop.
 36155 | Elf:1    | Found Cism's Jewellery Boutique.
 36155 | Elf:1    | Noticed Frances
 36167 | Elf:1    | Killed Frances
 36167 | Elf:1    | Received a gift from Okawaru
 36168 | Elf:1    | Found Temnunox's Weapon Boutique.
 36170 | Elf:1    | Got a distressingly furry hat {god gift}
 36171 | Elf:1    | Identified the +0 hat of Miyj Mag {*Contam rCorr MP+9 Int+3} (Okawaru gifted it to you on level 1 of the Elven Halls)
 36181 | Elf:1    | Bought a scorched hat for 306 gold pieces
 36181 | Elf:1    | Identified the +0 hat "Loinah" {MR+} (You bought it in a shop on level 1 of the Elven Halls)
 36294 | Elf:1    | You fall through a shaft!
 36306 | Elf:2    | Reached skill level 3 in Summonings
 36327 | Elf:2    | Reached skill level 3 in Air Magic
 36330 | Elf:2    | Reached skill level 15 in Shields
 36363 | Elf:2    | Reached skill level 15 in Armour
 36509 | Elf:2    | Found a runed gate.
 36509 | Elf:2    | Found a runed gate.
 36510 | Elf:2    | Found a runed gate.
 36548 | Elf:2    | Reached skill level 5 in Charms
 36872 | Elf:2    | Found Ysaileak's Gadget Emporium.
 36933 | Elf:2    | Found Xarul's Book Shoppe.
 36962 | Elf:2    | Reached XP level 20. HP: 129/129 MP: 24/26
 37072 | Elf:2    | Found Lavy's Magic Scroll Shoppe.
 37091 | Elf:2    | Found Bowayn's Assorted Antiques.
 37101 | Elf:2    | Bought a scroll of enchant weapon for 112 gold pieces
 37125 | Elf:2    | Reached skill level 4 in Summonings
 37145 | Elf:2    | Bought a scroll of blinking for 165 gold pieces
 37818 | Elf:3    | Entered Level 3 of the Elven Halls
 37878 | Elf:3    | Reached skill level 12 in Dodging
 37984 | Elf:3    | Reached skill level 4 in Air Magic
 37999 | Elf:3    | Received a gift from Okawaru
 38060 | Elf:3    | Reached skill level 6 in Charms
 38805 | Elf:3    | Gained mutation: You occasionally shout uncontrollably at your foes. [a neqoxec]
 38809 | Elf:3    | Gained mutation: Your body sometimes deteriorates upon taking damage. [a cacodemon]
 38828 | Elf:3    | Reached skill level 5 in Summonings
 38857 | Elf:3    | Reached skill level 8 in Translocations
 38881 | Elf:3    | Received a gift from Okawaru
 38991 | Elf:3    | Lost mutation: Your body sometimes deteriorates upon taking damage. [potion of mutation]
 38991 | Elf:3    | Lost mutation: You occasionally shout uncontrollably at your foes. [potion of mutation]
 38991 | Elf:3    | Gained mutation: Your magical capacity is low. (-10% MP) [potion of mutation]
 38991 | Elf:3    | Gained mutation: You have sharp toenails. [potion of mutation]
 38991 | Elf:3    | Gained mutation: You have razor-sharp toenails. [potion of mutation]
 39016 | Elf:3    | Got twisted acid dragon scales
 39044 | Elf:3    | Got a steaming brass ring
 39049 | Elf:3    | Identified the ring "Tozys" {rCorr *Corrode +Fly Int-3 Dex+5 SInv} (You took it off a deep elf master archer on level 3 of the Elven Halls)
 39152 | Elf:3    | Got a fine ring mail
 39158 | Elf:3    | Got a steaming golden ring
 39159 | Elf:3    | Identified the ring of Free Expression {*Contam +Fly rF+ Stlth-} (You took it off a deep elf high priest on level 3 of the Elven Halls)
 39161 | Elf:3    | Identified the +5 acid dragon scales "Tixotude" {rCorr Dex+5} (You took it off a deep elf annihilator on level 3 of the Elven Halls)
 39312 | Elf:3    | Identified the amulet "Vuse" {Harm *Drain Str+3} (You found it on level 3 of the Elven Halls)
 39341 | Elf:3    | Got a warped bone amulet
 39343 | Elf:3    | Identified the amulet "Loeropti" {+Rage rPois Int+5 Dex+2} (You found it on level 3 of the Elven Halls)
 39389 | Elf:3    | Identified the Handbook of Unholy Magic
 39843 | Elf:3    | Reached skill level 1 in Staves
 40124 | Vaults:1 | Entered Level 1 of the Vaults
 40142 | Vaults:1 | Reached skill level 2 in Staves
 40165 | Vaults:1 | Reached skill level 3 in Staves
 40187 | Vaults:1 | Reached skill level 4 in Staves
 40212 | Vaults:1 | Received a gift from Okawaru
 40228 | Vaults:1 | Reached skill level 5 in Staves
 40244 | Vaults:1 | Reached XP level 21. HP: 136/136 MP: 24/24
 40251 | Vaults:1 | Found Sezamp's Assorted Antiques.
 40281 | Vaults:1 | Bought a potion of mutation for 176 gold pieces
 40358 | Vaults:1 | Reached skill level 6 in Staves
 40372 | Vaults:1 | Found Osuvom's Book Emporium.
 40540 | Vaults:1 | Found Uthedoaho's Magic Scroll Shoppe.
 40581 | Vaults:1 | Reached skill level 7 in Staves
 40776 | Vaults:1 | Reached skill level 8 in Staves
 41515 | Vaults:2 | Reached skill level 9 in Staves
 41725 | Vaults:2 | Reached skill level 5 in Air Magic
 41896 | Vaults:2 | Reached skill level 7 in Charms
 41982 | Vaults:2 | Received a gift from Okawaru
 41985 | Vaults:2 | Identified the +8 demon whip of the Ageless Runes {flame, rC++ Int+3} (Okawaru gifted it to you on level 2 of the Vaults)
 42103 | Vaults:2 | Reached skill level 9 in Translocations
 42113 | Vaults:2 | Reached skill level 6 in Air Magic
 42628 | Vaults:3 | Reached skill level 8 in Charms
 42904 | Vaults:3 | Found a staircase to the Crypt.
 42923 | Vaults:3 | Reached XP level 22. HP: 125/141 MP: 25/25
 42937 | Vaults:3 | Received a gift from Okawaru
 42963 | Vaults:3 | Identified the Tome of Floating Arcane Weapons
 43118 | Vaults:3 | Reached skill level 7 in Air Magic
 43314 | Vaults:3 | Reached skill level 10 in Translocations
 43387 | Vaults:3 | Reached skill level 9 in Charms
 43691 | Vaults:3 | Found a hazy altar of Hepliaklqana.
 44397 | Vaults:4 | Noticed Frederick
 44424 | Vaults:4 | Killed Frederick
 44424 | Vaults:4 | Reached skill level 8 in Air Magic
 44705 | Vaults:4 | Received a gift from Okawaru
 45159 | Vaults:4 | Reached skill level 10 in Charms
 45335 | Vaults:4 | Identified a scroll of acquirement
 45517 | Depths:1 | Entered Level 1 of the Depths
 45517 | Depths:1 | Found a gateway to a ziggurat.
 45585 | Depths:1 | Reached skill level 11 in Translocations
 45782 | Depths:1 | Found a gateway to Hell.
 45997 | Depths:1 | HP: 32/141 [tengu reaver/bolt of lightning (14)]
 46590 | Depths:1 | Reached skill level 9 in Air Magic
 46637 | Depths:1 | HP: 35/141 [fire dragon (6)]
 46641 | Depths:1 | Reached XP level 23. HP: 44/146 MP: 24/26
 47242 | Depths:2 | Reached skill level 16 in Shields
 47619 | Depths:2 | Found a one-way gate to the infinite horrors of the Abyss.
 47678 | Depths:2 | Voluntarily entered the Abyss.
 47739 | Abyss:1  | Received a gift from Okawaru
 47928 | Abyss:1  | Got a smoking shield
 47929 | Abyss:1  | Found a corrupted altar of Lugonu.
 48150 | Abyss:2  | Found an iron altar of Okawaru.
 48201 | Abyss:2  | Reached skill level 10 in Air Magic
 48349 | Abyss:2  | Reached skill level 11 in Charms
 48766 | Abyss:2  | Reached skill level 12 in Translocations
 48817 | Abyss:2  | Gained mutation: You occasionally shout uncontrollably at your foes. [a neqoxec]
 48844 | Abyss:2  | Reached skill level 17 in Shields
 48898 | Abyss:3  | Killed from afar by a thorn hunter

Skill      XL: |  1  2  3  4  5  6  7  8  9 10 11 12 13 14 15 16 17 18 19 20 21 22 23 |
---------------+----------------------------------------------------------------------+-----
Dodging        | 1 2 3 4 5 6 7 8 9 10 11 12 | 12.3
Fighting       | 4 5 6 7 8 9 10 11 12 13 14 15 | 15.7
Maces & Flails | 3 4 5 6 7 9 10 12 13 14 15 16 | 16.0
Armour         | 4 5 6 7 8 9 10 11 12 13 14 15 | 15.6
Shields        | 4 5 6 7 8 9 10 11 12 13 14 15 17 | 17.1
Translocations | 1 2 4 5 6 7 8 9 11 12 | 12.1
Invocations    | 2 4 6 7 8 9 |  9.0
Evocations     | 2 3 |  3.0
Earth Magic    | 4 |  4.7
Spellcasting   | 3 |  3.8
Necromancy     | 3 |  3.3
Charms         | 3 5 6 8 10 11 | 11.2
Air Magic      | 3 4 6 9 10 | 10.8
Summonings     | 3 5 |  5.3
Staves         | 5 9 |  9.9

Action                   |  1- 3 |  4- 6 |  7- 9 | 10-12 | 13-15 | 16-18 | 19-21 | 22-24 || total
-------------------------+-------+-------+-------+-------+-------+-------+-------+-------++-------
Melee: Flail             |   156 |   232 |   142 |   852 |       |       |       |       ||  1382
       Whip              |       |       |   351 |       |       |       |       |       ||   351
       Morningstar       |       |       |       |   215 |       |       |       |       ||   215
       Eveningstar       |       |       |       |    67 |  1530 |  2205 |  1752 |   911 ||  6465
       Lajatang          |       |       |       |       |       |       |    57 |   364 ||   421
Throw: Throwing net      |       |       |       |       |       |     2 |       |       ||     2
 Cast: Blink             |       |       |       |       |     1 |       |       |       ||     1
       Lesser Beckoning  |       |       |       |       |       |     3 |       |       ||     3
Invok: Heroism           |       |       |       |     5 |     5 |     6 |     8 |     6 ||    30
       Finesse           |       |       |       |     1 |       |     3 |     2 |     3 ||     9
 Abil: Fly               |       |       |       |       |       |       |     1 |       ||     1
       Stop Flying       |       |       |       |       |       |       |     1 |       ||     1
Evoke: Wand              |       |       |       |     1 |     1 |       |       |     3 ||     5
  Use: Potion            |       |     2 |       |     1 |     5 |     5 |     2 |     2 ||    17
       Scroll            |       |       |     9 |    11 |    18 |    12 |    21 |     5 ||    76
 Stab: Sleeping          |       |       |       |       |     1 |       |       |       ||     1
       Invisible         |       |       |       |       |     1 |       |       |       ||     1
       Confused          |       |       |       |       |       |     1 |       |       ||     1
       Held in net/web   |       |       |       |       |       |     1 |       |       ||     1
  Eat: Chunk             |     1 |     6 |     8 |    18 |    13 |    21 |    20 |     2 ||    89
       Ration            |       |       |     1 |     4 |     6 |     7 |     5 |     7 ||    30
Armor: Scale mail        |    82 |   168 |       |       |       |       |       |       ||   250
       Troll leather arm |       |       |   175 |   583 |   247 |       |       |       ||  1005
       Plate armour      |       |       |       |       |   566 |  1405 |  1054 |   911 ||  3936
Dodge: Dodged            |    58 |   129 |   148 |   674 |   982 |  1319 |   900 |   870 ||  5080
Block: Shield            |    83 |   142 |   178 |   912 |  1173 |  2145 |  1440 |   946 ||  7019
       Reflection        |       |       |       |     9 |       |       |       |       ||     9

Vault maps used:
D:1:      roderic_crossed_star, minmay_misc_feat_iff, minmay_misc_feat_plants
D:2:      wad_woods_tower, tso_oasis_becter, lemuel_coloured_pillars_altar,
          first_ration
D:3:      vehumet_crystals
D:4:      fedhas_altar_2, portal_sewer_entry_e, okawaru_altar_gauntlet_db,
          uniq_sigmund, uniq_pikel
D:5:      minmay_temple_entry_statues_fountains, minmay_statues_item, uniq_ijyb,
          uniq_prince_ribbit1, uniq_grinder
D:6:      nicolae_overflow_crystal_walls, uniq_menkaure, uniq_edmund
D:7:      minmay_opposing_rooms, lemuel_round_altar
D:8:      lemuel_doored_altar, grunt_temple_overflow_open, serial_shops,
          shop_statue
D:9:      grunt_lair_entry_orc_guard_hut, serial_shops, kennysheep_little_box,
          the_bakery, guppyfry_shop_venom
D:11:     wad_woods_minihive, serial_shops, shop, uniq_erolcha
D:12:     uniq_rupert
D:13:     minmay_imperfect_grid, david_vaults_3
D:14:     minivault_14, hangedman_decor_opposing, uniq_sonja
D:15:     grunt_enter_depths_giant_problem
Lair:1:   pond, lemuel_fruit_tree
Lair:2:   minmay_lair_oklob_tunnel, minmay_swamp_entry_wisps, grunt_megastairs_5
Lair:3:   spider_nest_entry_web_field, lemuel_centaur_altar, uniq_harold
Lair:6:   hangedman_lair_tendril_chambers, hangedman_lair_caniforms_friends,
          slime_altar_2
Swamp:1:  evilmike_swamp_ruin_house_2, swamp_pool5,
          nicolae_swamp_oklob_treasure_island
Swamp:2:  nicolae_swamp_feature_on_the_river_bank, uniq_louise
Swamp:3:  cheibrodos_swamp_heart_of_darkness, nicolae_swamp_godswood,
          infiniplex_staircase_pool_2
Swamp:4:  swamp_basic_johnstein, portal_ice_cave_entry_dragon
Spider:1: nicolae_spider_ant_collections, uniq_donald, uniq_josephine
Spider:2: spider_trap, hangedman_spider_tarantella_strand, uniq_nikola
Spider:4: grunt_spider_rune_circles, einodemon_crawler_minivault
Orc:2:    grunt_orc_community_town_hall, grunt_orc_community_big_house_1,
          grunt_orc_community_big_house_2, grunt_orc_community_house_3,
          grunt_orc_community_house_2, grunt_orc_community_house_3,
          grunt_orc_community_house_2, grunt_orc_community_house_2,
          serial_shops, shop
Elf:1:    minmay_elf_arrival_circle, serial_shops, nicolae_shop_waterfront,
          hangedman_elf_disciples, minmay_shoptagon, uniq_frances, uniq_asterion
Elf:2:    serial_shops, shop, shop, nicolae_shop_temple_entry_statues_fountains,
          nicolae_shop_waterfront
Elf:3:    minmay_elf_hall_furrowed, serial_aquarium,
          aquarium_bridge_long_joined, aquarium_bridge_square,
          aquarium_window_corner, aquarium_window_1, aquarium_window_corridor_1,
          aquarium_view_2c, aquarium_view_2e, aquarium_pool_side,
          einodemon_barbed_minivault
Vaults:1: nicolae_vaults_theta, hangedman_vaults_slice,
          nicolae_vaults_network_s, hangedman_vaults_nails,
          vaults_mumra_minichess_inversion, nicolae_vaults_network_quinsquares,
          v_misc_10, serial_shops, shop_coins, shop,
          nicolae_shop_window_shopping, uniq_saint_roka
Vaults:2: dpeg_vaults_monster_row, nicolae_vaults_network_quincunx,
          hangedman_vaults_trim, dpeg_vaults_monster_box, v_misc_31,
          vaults_mumra_bighexcomb, v_misc_24, hangedman_vaults_stream,
          vaults_room_grid, hangedman_vaults_stretched_pinwheel,
          nicolae_vaults_little_squares_6, ontoclasm_vaults_ring_small,
          nicolae_vaults_little_squares_4
Vaults:3: minmay_crypt_entry_simple_corners, nicolae_vaults_inception_statues,
          v_misc_26, ontoclasm_vaults_spin, st_more_cells,
          ontoclasm_vaults_chip, nicolae_vaults_mini_display_case, basic_altar
Vaults:4: nicolae_vaults_octagons, vaults_room_grid,
          hangedman_vaults_river_flow, v_misc_25, vaults_room_octagon,
          v_misc_18, grunt_vaults_swirl, v_misc_18, nicolae_vaults_rhombus_6,
          ontoclasm_vaults_chip, vaults_room_stairs_pillars, uniq_frederick
Depths:1: enter_ziggurat_e, hell_entry, hex_medium, minivault_22,
          kennysheep_kite_vault, serial_bayou_shore_a
Depths:2: evilmike_silver_temple, roderic_lattice_a, marbit_kobold_abyss_entry,
          hellmouth_1, serial_sigils, serial_sigils_hangedman_confine
Abyss:2:  minivault_20
Abyss:3:  serial_sigils_hangedman_gut, grunt_abyss_rune_forest_and_sorcery
Sewer:    sewer_the_crocodile

Table legend:
 A = Turns spent in this place as a percentage of turns spent in the entire game.
 B = Non-inter-level travel turns spent in this place as a percentage of non-inter-level travel turns spent in the entire game.
 C = Inter-level travel turns spent in this place as a percentage of turns spent in this place.
 D = Turns resting spent in this place as a percentage of non-inter-level travel turns spent in this place.
 E = Turns spent auto-exploring this place as a percentage of non-inter-level travel turns spent in this place.
 F = Non-inter-level travel turns spent in this place divided by the number of levels of this place that you've seen.
                   A       B       C       D       E      F
               +-------+-------+-------+-------+-------+----------------------
         Total | 100.0 | 100.0 |   6.3 |   8.8 |  52.2 | 1041.4
       Dungeon |  35.1 |  34.3 |   8.5 |   6.9 |  56.7 | 1048.0
          Lair |  14.8 |  14.3 |   9.8 |   4.3 |  63.0 | 1089.2
         Swamp |   7.7 |   7.7 |   6.3 |   0.0 |  60.6 | 881.5
   Spider Nest |   9.9 |  10.3 |   2.2 |  19.4 |  38.3 | 1180.2
  Orcish Mines |   4.2 |   4.2 |   5.4 |  13.8 |  47.0 | 963.0
   Elven Halls |   9.2 |   9.5 |   4.0 |   9.9 |  43.7 | 1446.3
        Vaults |  10.9 |  11.2 |   4.5 |   0.0 |  61.0 | 1278.8
        Depths |   4.4 |   4.6 |   1.7 |  25.8 |  37.0 | 1062.0
         Abyss |   2.5 |   2.7 |   0.0 |   9.6 |  12.7 | 406.7
         Sewer |   1.2 |   1.3 |   0.0 |  64.8 |  13.4 | 597.0
               +-------+-------+-------+-------+-------+----------------------

Table legend:
 A = Kills in this place as a percentage of kills in entire the game.
 B = Kills by you in this place as a percentage of kills by you in the entire game.
 C = Kills by friends in this place as a percentage of kills by friends in the entire game.
 D = Other kills in this place as a percentage of other kills in the entire game.
 E = Experience gained in this place as a percentage of experience gained in the entire game.
 F = Experience gained in this place divided by the number of levels of this place that you have seen.
                   A       B       C       D       E      F
               +-------+-------+-------+-------+-------+----------------------
         Total | 100.0 | 100.0 |   N/A | 100.0 | 100.0 | 17612.7
       Dungeon |  27.2 |  27.2 |   N/A |  16.7 |  11.0 | 5684.8
          Lair |  12.0 |  12.1 |   N/A |   0.0 |   8.4 | 10859.7
         Swamp |   9.4 |   9.5 |   N/A |   0.0 |  10.2 | 19684.8
   Spider Nest |  13.0 |  12.9 |   N/A |  50.0 |  13.8 | 26811.2
  Orcish Mines |   6.4 |   6.5 |   N/A |   0.0 |   2.0 | 7721.5
   Elven Halls |   8.2 |   8.3 |   N/A |   0.0 |  15.9 | 41195.3
        Vaults |  14.7 |  14.7 |   N/A |  33.3 |  25.3 | 49044.8
        Depths |   3.3 |   3.3 |   N/A |   0.0 |   7.0 | 27217.0
         Abyss |   5.4 |   5.4 |   N/A |   0.0 |   6.3 | 16254.0
         Sewer |   0.3 |   0.3 |   N/A |   0.0 |   0.0 | 141.0
               +-------+-------+-------+-------+-------+----------------------
